 Dungeon Crawl Stone Soup version 0.30.1-3-gfc49f6343a (webtiles) character file.

Game seed: 11677932077326408522

2808 GeoRichter the Grappler (level 9, -1/63 (66) HPs)
             Began as a Demonspawn Hexslinger on July 26, 2023.
             Was an Initiate of Gozag.
             Slain by a bullfrog (5 damage)
             ... on level 8 of the Dungeon.
             The game lasted 00:11:17 (7164 turns).

GeoRichter the Grappler (Demonspawn Hexslinger)     Turns: 7164, Time: 00:11:17

HP:   -1/63 (66)    AC:  7    Str: 15    XL:     9   Next: 44%
MP:   10/10         EV:  9    Int: 17    God:    Gozag
Gold: 669           SH:  0    Dex: 14    Spells: 9/10 levels left

rFire   + .          .
                       - Unarmed
rCold   + . .        (no shield)
rNeg    . . .        k - +0 scale mail
rPois   .            (helmet restricted)
rElec   .            m - +0 cloak
rCorr   +            (no gloves)
SInv    .            (no boots)
Will    .....        l - amulet of the Twenty Heavens {Acrobat *Corrode rF+ rC+ Int+3} Stlth
                     v - +4 ring of protection
HPRegen 0.30/turn    x - ring of resist corrosion
MPRegen 0.12/turn

%: corrode self (3%), acrobat
@: corroded, lightly drained
A: antennae 1, hooves 2, weakness stinger 2
a: Renounce Religion, Potion Petition, Call Merchant, Bribe Branch


You were on level 8 of the Dungeon.
You worshipped Gozag.
Gozag was pleased with you.
You visited 1 branch of the dungeon, and saw 8 of its levels.

You collected 759 gold pieces.
You paid 90 gold pieces to Gozag.

Inventory:

Hand Weapons
 K - the +9 short sword "Wihaafaz" {flame, Will+}
   (You found it on level 7 of the Dungeon)

   Will:      It increases your willpower.
Missiles
 r - 4 curare-tipped darts {!f}
 s - 14 javelins (quivered)
Armour
 k - a +0 scale mail (worn)
   (You found it on level 1 of the Dungeon)
 m - a +0 cloak (worn)
   (You found it on level 2 of the Dungeon)
Jewellery
 l - the amulet of the Twenty Heavens (around neck) {Acrobat *Corrode rF+ rC+ Int+3}
   (You found it on level 2 of the Dungeon)

   [amulet of the acrobat]

   It increases your evasion while moving and waiting.
   Int:       It affects your intelligence (+3).
   rF:        It protects you from fire.
   rC:        It protects you from cold.
   *Corrode:  It may corrode you when you take damage.
 v - a +4 ring of protection (left hand)
   (You found it on level 3 of the Dungeon)
 x - a ring of resist corrosion (right hand)
   (You found it on level 4 of the Dungeon)
 B - a ring of flight
   (You found it on level 5 of the Dungeon)
 C - a ring of ice
   (You found it on level 5 of the Dungeon)
 G - an amulet of reflection
   (You found it on level 6 of the Dungeon)
Wands
 o - a wand of charming (20)
   (You found it on level 2 of the Dungeon)
 w - a wand of flame (35)
   (You took it off Ijyb on level 3 of the Dungeon)
Scrolls
 a - 6 scrolls of teleportation {@r4}
 b - a scroll of poison {!r}
 c - a scroll of enchant weapon
 d - a scroll of magic mapping {unknown}
 e - 2 scrolls of enchant armour {unknown}
 h - a scroll of immolation {unknown}
 n - 3 scrolls of fog
 y - 2 scrolls of blinking {unknown}
 A - 3 scrolls of amnesia {unknown}
 D - a scroll of silence {unknown}
 F - 2 scrolls of butterflies {unknown}
 H - a scroll of acquirement {unknown}
 I - a scroll of identify {@r1}
 J - a scroll of fear {unknown}
Potions
 f - a potion of resistance {unknown}
 g - a potion of heal wounds {unknown}
 i - 2 potions of might {unknown}
 j - a potion of magic {unknown}
 p - a potion of degeneration {unknown}
 q - a potion of cancellation
 t - 3 potions of brilliance
 u - a potion of lignification {unknown}
 z - 3 potions of mutation {unknown}
 E - 3 potions of curing {@q1}


   Skills:
 + Level 4.6 Fighting
 - Level 2.5 Ranged Weapons
 + Level 4.0 Throwing
 - Level 1.7 Dodging
 * Level 10.1 Unarmed Combat
 - Level 1.0 Spellcasting
 - Level 3.0 Hexes


You had 9 spell levels left.
You knew the following spells:

 Your Spells              Type           Power      Damage    Failure   Level
a - Slow                  Hex            44%        N/A       26%         1

Your spell library contained the following spells:

 Spells                   Type           Power      Damage    Failure   Level
 Blink                    Tloc           0%         N/A       80%         2
 Lesser Beckoning         Tloc           0%         N/A       80%         2
 Momentum Strike          Conj/Tloc      0%         3d8       80%         2
 Inner Flame              Hex/Fire       5%         N/A       82%         3
 Portal Projectile        Hex/Tloc       10%        N/A       82%         3
 Ignite Poison            Fire/Tmut/Pois 0%         N/A       95%         3
 Cause Fear               Hex            5%         N/A       95%         4
 Sticky Flame             Conj/Fire      0%         2d3       100%        4
 Ignition                 Fire           0%         3d3       100%        8


Dungeon Overview and Level Annotations

Branches:
Dungeon (8/15) Zot: 26984  Temple (0/1) D:6
   Lair: D:8-11

Altars:
Ashenzari
Dithmenos
Gozag
Trog
Yredelemnul


Innate Abilities, Weirdness & Mutations

You have a pair of small antennae on your head.
You have hoof-like feet.
You have a tail ending in a sharp stinger.


Message History

The orc warrior hits you but does no damage.
The orc hits you but does no damage.
The bullfrog releases a deep croak.
The bullfrog hits you.
* * * LOW HITPOINT WARNING * * *
You punch the orc warrior!
You kick the orc warrior, but do no damage.
The orc warrior is heavily wounded.
The centaur unwields a +0 shortbow.
The centaur hits you but does no damage.
The centaur closely misses you. The orc priest misses you.
The orc hits you with a +0 club.
* * * LOW HITPOINT WARNING * * *
The orc warrior hits you with a +0 trident.
* * * LOW HITPOINT WARNING * * *
Your corrosive artefact corrodes you!
The bullfrog hits you but does no damage.
You barely miss the orc warrior. Your kick misses the orc warrior.
The orc warrior is heavily wounded.
The centaur misses you.
The centaur kicks you but does no damage.
The bullfrog hits you but does no damage.
The orc priest hits you with a +0 hand axe.
* * * LOW HITPOINT WARNING * * *
The orc warrior hits you with a +0 trident.
* * * LOW HITPOINT WARNING * * *
The orc hits you with a +0 club.
* * * LOW HITPOINT WARNING * * *
The centaur hits you.
* * * LOW HITPOINT WARNING * * *
The centaur barely misses you.
You hit the orc warrior but do no damage.
Your kick misses the orc warrior.
The orc warrior is heavily wounded.
The bullfrog hits you.
* * * LOW HITPOINT WARNING * * *
The centaur hits you but does no damage.
The centaur kicks you but does no damage.
The orc priest closely misses you. The orc warrior barely misses you.
The orc hits you with a +0 club.
* * * LOW HITPOINT WARNING * * *
You hit the orc warrior.
The orc warrior is heavily wounded.
The bullfrog hits you.
* * * LOW HITPOINT WARNING * * *
The centaur hits you but does no damage.
The centaur kicks you but does no damage.
The bullfrog hits you.
You die...
Your body crumbles into a pile of gold.

!..#.......§§§§§..
...........§§≈≈§≈≈
.......#...§§.§...
.......#..<..# .
.........#...# #..
.........###.#....
..................
....$.#....c......
..........@o......
.......#.oFo......
.....###......#...
..... ##.....# ..
.... ........ ..
....).....
##.........
#.###.....


You could see an orc warrior, a bullfrog, a centaur, an orc priest and an orc.

Vanquished Creatures
  Prince Ribbit (D:5)
  Grinder (D:5)
  A shadow (D:7)
  Eustachio (D:5)
  2 water moccasins (D:7)
  A sky beast (D:6)
  An orc warrior (D:6)
  3 phantoms
  2 bullfrogs
  A scorpion (D:5)
  5 wights (D:7)
  3 killer bees (D:6)
  A howler monkey (D:6)
  A gnoll bouda (D:5)
  4 orc priests
  6 hounds
  2 jellies (D:2)
  A sleepcap (D:7)
  Crazy Yiuf (D:3)
  Ijyb (D:3)
  2 iguanas
  5 orc wizards
  8 adders
  5 gnolls (D:5)
  2 white imps
  An ufetubus (D:6)
  A worm (D:5)
  12 dart slugs
  20 orcs
  15 endoplasms
  6 giant cockroaches
  17 goblins
  8 hobgoblins
  2 jackals (D:3)
  13 kobolds
  7 quokkas
  7 ball pythons
  5 bats
  3 frilled lizards
  5 rats
183 creatures vanquished.

Notes
Turn   | Place    | Note
-------+----------+-------------------------------------------
     0 | D:1      | GeoRichter the Demonspawn Hexslinger began the quest for
                  | the Orb.
     0 | D:1      | Reached XP level 1. HP: 15/15 MP: 2/2
   208 | D:1      | Discovered your monstrous ancestry.
   208 | D:1      | Gained mutation: You have a small tail. [demonic ancestry]
   208 | D:1      | Reached XP level 2. HP: 21/21 MP: 3/3
   497 | D:2      | Reached skill level 1 in Unarmed Combat
   519 | D:2      | Identified the amulet of the Twenty Heavens {Acrobat
                  | *Corrode rF+ rC+ Int+3}
   548 | D:2      | Found a faded altar of an unknown god.
   787 | D:2      | Gained mutation: You have large cloven feet. [demonic
                  | ancestry]
   787 | D:2      | Reached XP level 3. HP: 25/26 MP: 4/4
   855 | D:2      | HP: 1/26 [kobold/+0 short sword (3)]
   997 | D:2      | Reached skill level 2 in Unarmed Combat
  1005 | D:2      | Reached XP level 4. HP: 32/32 MP: 5/5
  1020 | D:2      | Reached skill level 3 in Unarmed Combat
  1746 | D:3      | Reached XP level 5. HP: 33/37 MP: 6/6
  1914 | D:3      | Reached skill level 4 in Unarmed Combat
  2220 | D:3      | Noticed Ijyb
  2244 | D:3      | Killed Ijyb
  2300 | D:3      | Found a runed translucent door.
  2300 | D:3      | Noticed Crazy Yiuf
  2305 | D:3      | Killed Crazy Yiuf
  2661 | D:4      | Reached skill level 5 in Unarmed Combat
  2720 | D:4      | Gained mutation: You have hoof-like feet. [demonic
                  | ancestry]
  2720 | D:4      | Reached XP level 6. HP: 40/43 MP: 7/7
  3823 | D:5      | Entered Level 5 of the Dungeon
  3886 | D:5      | Reached skill level 6 in Unarmed Combat
  3895 | D:5      | Noticed Eustachio
  3927 | D:5      | Killed Eustachio
  3928 | D:5      | Gained mutation: You have a tail ending in a sharp stinger.
                  | [demonic ancestry]
  3928 | D:5      | Reached XP level 7. HP: 24/48 MP: 8/8
  4070 | D:5      | Reached skill level 7 in Unarmed Combat
  4292 | D:5      | Noticed Prince Ribbit
  4320 | D:5      | Reached skill level 8 in Unarmed Combat
  4346 | D:5      | Killed Prince Ribbit
  4347 | D:5      | Reached skill level 1 in Throwing
  4347 | D:5      | Reached XP level 8. HP: 32/55 MP: 9/9
  4471 | D:5      | Found a basalt altar of Yredelemnul.
  4477 | D:5      | Noticed Grinder
  4490 | D:5      | Killed Grinder
  4679 | D:5      | Found an opulent altar of Gozag.
  4707 | D:5      | Became a worshipper of Gozag Ym Sagoz the Greedy
  5028 | D:5      | Noticed an angel
  5036 | D:5      | Noticed a profane servitor
  5134 | D:6      | Reached skill level 9 in Unarmed Combat
  5328 | D:6      | Found a staircase to the Ecumenical Temple.
  5578 | D:6      | Gained mutation: You have a pair of small antennae on your
                  | head. [demonic ancestry]
  5578 | D:6      | Reached XP level 9. HP: 62/65 MP: 10/10
  5753 | D:6      | Found a bloodstained altar of Trog.
  6715 | D:7      | Found a shadowy altar of Dithmenos.
  6731 | D:7      | Reached skill level 10 in Unarmed Combat
  7042 | D:7      | Identified the +9 short sword "Wihaafaz" {flame, Will+}
  7147 | D:8      | Found a broken altar of Ashenzari.
  7164 | D:8      | Slain by a bullfrog

Illustrated notes

Levels and vault maps discovered:
D:1:      ncdulo_halloftheorcs, layout_rooms
D:2:      cheibrodos_fertilizer, layout_basic, chequers_ecumenical_altar_simple,
          nicolae_hexahallways
D:3:      layout_basic, interstate_on_off, minmay_goblin_outpost,
          uniq_crazy_yiuf_cottage, uniq_ijyb
D:4:      kennysheep_slugbush, layout_layer_cave, chequers_serial_rivers_marsh,
          hangedman_decor_riveting, minmay_strange_pillars,
          kennysheep_generic_room_12
D:5:      layout_basic, grunt_temple_overflow_holy_war,
          mainiacjoe_overflow_tiny_flanked, chequers_garden,
          uniq_prince_ribbit1, uniq_grinder, uniq_eustachio
D:6:      layout_cave_pools, trog_hazing_becter, minmay_temple_entry_waves
D:7:      layout_basic, nicolae_overflow_hidden_temple, glass_columns_a
D:8:      layout_cave_pools, mainiacjoe_overflow_brackets,
          nzn_wu_jian_council_hall

Skill      XL: |  1  2  3  4  5  6  7  8  9 |
---------------+----------------------------+-----
Ranged Weapons | 2 |  2.5
Unarmed Combat | 1 2 3 5 6 8 9 10 | 10.1
Throwing       | 1 3 4 |  4.0
Fighting       | 3 4 |  4.6
Dodging        | |  1.7
Spellcasting   | |  1.0
Hexes          | |  3.0

Action                     |  1- 3 |  4- 6 |  7- 9 || total
---------------------------+-------+-------+-------++-------
  Melee: Unarmed           |       |   234 |   298 ||   532
         Kick              |       |    72 |    96 ||   168
         Tailslap          |       |    28 |    37 ||    65
         Punch             |       |     7 |    13 ||    20
   Fire: Sling             |   107 |    64 |       ||   171
  Throw: Dart              |       |     3 |       ||     3
         Javelin           |       |       |     3 ||     3
   Cast: Slow              |     2 |       |       ||     2
    Use: Potion            |     2 |       |       ||     2
         Scroll            |       |     5 |       ||     5
 Armour: Robe              |     8 |    14 |       ||    22
         Scale mail        |       |    93 |   128 ||   221
  Dodge: Dodged            |    43 |   166 |   176 ||   385
